 Dungeon Crawl Stone Soup version 0.32-a0-656-g3542139ebd (webtiles) character file.

Game seed: 1599797185687019143

5 ytrimaz the Gusty (level 1, 0/14 HPs)
             Began as a Demigod Air Elementalist on Mar 8, 2024.
             Constricted to death by a ball python (1 damage)
             ... on level 1 of the Dungeon.
             The game lasted 00:00:26 (157 turns).

ytrimaz the Gusty (Demigod Air Elementalist)         Turns: 157, Time: 00:00:26

Health: 0/14       AC:  2    Str: 13    XL:     1   Next: 53%
Magic:  2/5        EV:  2    Int: 16    God:
Gold:   0          SH:  0    Dex: 13    Spells: 2/3 levels left

rFire   . . .        (no weapon)
rCold   . . .        (no shield)
rNeg    . . .        a - +0 robe
rPois   .            (helmet restricted)
rElec   .            (no cloak)
rCorr   .            (no gloves)
SInv    .            (no boots)
Will    .....        (no amulet)
Stlth   ++           (no ring)
HPRegen 0.22/turn    (no ring)
MPRegen 0.09/turn

%: no passive effects
@: constricted
A: high MP 1, forlorn, divine attributes, horns 1, strong 1, devolution 1
a: no special abilities


You were on level 1 of the Dungeon.
You visited 1 branch of the dungeon, and saw 1 of its levels.


Innate Abilities, Weirdness & Mutations

You have an increased reservoir of magic. (+10% MP)
You shall have no god before yourself.
Your divine heritage dramatically boosts your attributes as you level up.
You have a pair of small horns on your head.
Your muscles are strong. (Str +4, Int/Dex -1)
You have hidden genetic defects.


   Skills:
 - Level 1.7 Dodging
 - Level 1.7 Stealth
 + Level 1.9 Spellcasting
 + Level 1.1 Conjurations
 + Level 2.8 Air Magic


You had 2 spell levels left.
You knew the following spells:

 Your Spells              Type           Power      Damage    Failure   Level
a - Shock                 Conj/Air       28%        1d4       10%         1

Your spell library contained the following spells:

 Spells                   Type           Power      Damage    Failure   Level
 Static Discharge         Conj/Air       14%        3-4/arc   14%         2
 Swiftness                Air            10%        N/A       21%         3
 Airstrike                Air            5%         2d(1-17)  54%         4

Inventory:

Armour
 a - a +0 robe (worn)
Potions
 b - a potion of magic
 d - a potion of curing {unknown}

Dungeon Overview and Level Annotations

Branches:
Dungeon (1/15) Zot: 5842

.#.#......#####
..........# ### #
.~P⌠~~⌠.~.# #....
.~......⌠.# #.#.#
.⌠.####.~.# #.#.#
.~..._#.~.# #.#.#
.⌠.####.~.# #...#
.~.P....).### #..#
.~P⌠P~~⌠~...####@S#
..........#...##rJ#
......#.#.###J.#b!#
......#...# ##.J..#
......###+# ###>.#
......# .......###
......# .......
.....[# .......
$.....# ?......


You could see 2 endoplasms, a quokka, a bat and a ball python.


Message History

Your mp is fully restored (5).
A rat is nearby!
A rat is nearby!
A rat is nearby!
Unknown command.
A rat is nearby!
A rat is nearby!
The zap hits the rat.
The rat squeaks loudly. 😎 MP[-1]
You lost 1 mp, and now have 4/5 mp.
The zap hits the rat.
You kill the rat!
An endoplasm comes into view. 😎 MP[-1]
You lost 1 mp, and now have 3/5 mp.
An endoplasm is nearby!
An endoplasm is nearby!
An endoplasm is nearby!
The zap hits the endoplasm.
A bat comes into view.
A quokka comes into view. 😎 MP[-1]
You lost 1 mp, and now have 2/5 mp.
You miscast Shock.
You are very lightly contaminated with residual magic.
Nothing appears to happen.
The quokka twitches its whiskers.
An endoplasm comes into view. 😎 MP[-1]
You lost 1 mp, and now have 1/5 mp.
The zap misses the bat.
The endoplasm quivers. 😎 MP[-1]
You lost 1 mp, and now have 0/5 mp.
You are out of magic!
Unknown command.
You hit the bat. The bat barely misses you. The bat hits you. 😕 HP[-1]
You take 1 damage, and now have 13/14 hp.
The bat barely misses you. 😎 HP[+1]
Your hp is fully restored (14).
The bat closely misses you.
Your magical contamination has completely faded away. 😎 MP[+1]
The bat misses you.
The quokka twitches its whiskers.
The bat hits you but does no damage.
Found a stone staircase leading down.
The bat barely misses you.
You hit the bat but do no damage. The bat hits you but does no damage. x2
The bat misses you.
You closely miss the bat. The bat completely misses you.
The bat closely misses you. The bat closely misses you. 😎 MP[+1]
A ball python comes into view.
The bat hits you but does no damage.
There is a stone staircase leading down here.
Unknown command.
The quokka attacks as it pursues you! The quokka bites you. 😕 HP[-2]
You take 2 damage, and now have 12/14 hp.
Unknown command.
The bat closely misses you. The quokka closely misses you.
The ball python hisses angrily.
The bat completely misses you. The bat hits you.
The quokka attacks as it pursues you! The quokka bites you.
You see here a smoky coppery potion. 😕 HP[-1]
You take 1 damage, and now have 11/14 hp.
The ball python misses you. The ball python closely misses you.
The endoplasm freezes you.
You are frozen.
* * * LOW HITPOINT WARNING * * *
The quokka misses you. The ball python closely misses you.
The ball python completely misses you. 😨 HP[-4]
You take 4 damage, and now have 7/14 hp.
MASSIVE DAMAGE!! (PAUSE)
The quokka attacks as it pursues you! The quokka bites you.
* * * LOW HITPOINT WARNING * * *
The endoplasm attacks as it pursues you!
The endoplasm hits you.
* * * LOW HITPOINT WARNING * * *
The ball python barely misses you. The ball python grabs you.
The ball python constricts you.
* * * LOW HITPOINT WARNING * * *
😱 HP[-6]
You take 6 damage, and now have 1/14 hp.
MASSIVE DAMAGE!! (PAUSE) It was a potion of mutation.
You feel extremely strange.
You feel stronger.
You feel a hidden malignance growing inside you.
A pair of horns grows on your head! The quokka completely misses you.
The ball python bites you but does no damage.
The ball python constricts you.
You die...

Skill      XL: |  1 |
---------------+----+-----
Conjurations   | 1 |  1.1
Dodging        | |  1.7
Stealth        | |  1.7
Spellcasting   | |  1.9
Air Magic      | |  2.8

Action                     || total
---------------------------++-------
  Melee: Unarmed           ||     3
   Cast: Shock             ||    10
    Use: Potion            ||     1
 Armour: Robe              ||    13
  Dodge: Dodged            ||    19

Levels and vault maps discovered:
D:1:      dpeg_arrival_tiny_g, layout_basic, shapermc_ecumenical_altar_acropolis

Notes
Turn   | Place    | Note
-------+----------+-------------------------------------------
     0 | D:1      | ytrimaz the Demigod Air Elementalist began the quest for
                  | the Orb.
     0 | D:1      | Reached XP level 1. HP: 14/14 MP: 5/5
     0 | D:1      | magus.rc [v1.9.6]
    49 | D:1      | Reached skill level 1 in Conjurations
   156 | D:1      | HP: 3/14 [quokka (4)]
   156 | D:1      | HP: 1/14 [constriction (1)]
   157 | D:1      | Gained mutation: Your muscles are strong. (Str +4, Int/Dex
                  | -1) [potion of mutation]
   157 | D:1      | Gained mutation: You have hidden genetic defects. [potion
                  | of mutation]
   157 | D:1      | Gained mutation: You have a pair of small horns on your
                  | head. [potion of mutation]
   157 | D:1      | Constricted to death by a ball python

Vanquished Creatures
  A ball python (D:1)
  A giant cockroach (D:1)
  2 goblins (D:1)
  A rat (D:1)
5 creatures vanquished.

Table legend:
 A = Non-vault XP
 B = Vault XP
 C = Vault XP percentage of total XP
 D = Non-vault monster count
 E = Vault monster count
 F = Vault count percentage of total count
                 A         B        C        D         E       F
            +---------+---------+-------+---------+---------+-------
      Total |       8 |       0 |   0.0 |       5 |       0 |   0.0
            +---------+---------+-------+---------+---------+-------
        D:1 |       8 |       0 |   0.0 |       5 |       0 |   0.0
            +---------+---------+-------+---------+---------+-------

Skill      XL: |  1 |
---------------+----+-----
Conjurations   | 1 |  1.1
Dodging        | |  1.7
Stealth        | |  1.7
Spellcasting   | |  1.9
Air Magic      | |  2.8

Action                     || total
---------------------------++-------
  Melee: Unarmed           ||     3
   Cast: Shock             ||    10
    Use: Potion            ||     1
 Armour: Robe              ||    13
  Dodge: Dodged            ||    19

Illustrated notes

Table legend:
 A = Kills in this place as a percentage of kills in the entire game.
 B = Kills by you in this place as a percentage of kills by you in the entire game.
 C = Kills by friends in this place as a percentage of kills by friends in the entire game.
 D = Other kills in this place as a percentage of other kills in the entire game.
 E = Experience gained in this place as a percentage of experience gained in the entire game.
 F = Experience gained in this place divided by the number of levels of this place that you have seen.
                   A       B       C       D       E      F
               +-------+-------+-------+-------+-------+----------------------
         Total | 100.0 | 100.0 |   N/A |   N/A | 100.0 |   8.0
       Dungeon | 100.0 | 100.0 |   N/A |   N/A | 100.0 |   8.0
               +-------+-------+-------+-------+-------+----------------------

Table legend: (Time is in decaauts)
 A = Elapsed time spent in this place.
 B = Non-inter-level travel time spent in this place.
 C = Inter-level travel time spent in this place.
 D = Time resting spent in this place.
 E = Time spent auto-exploring this place.
 F = Levels seen in this place.
 G = Mean time per level.
                   A        B        C        D        E       F      G
               +--------+--------+--------+--------+--------+-----+--------+
         Total |    157 |    157 |      0 |      0 |    113 |   1 |  157.0 |
       Dungeon |    157 |    157 |      0 |      0 |    113 |   1 |  157.0 |
               +--------+--------+--------+--------+--------+-----+--------+

Top non-repeatable levels by time:
     D:1: 157 daAuts
